 Dungeon Crawl Stone Soup version 0.25.1-2-g60ff931df9 (webtiles) character file.

Game seed: 189333195398379831

37 funkygono the Magician (level 3, -5/26 HPs)
             Began as a Draconian Wizard on Oct 11, 2020.
             Slain by a worm (10 damage)
             ... on level 1 of the Dungeon.
             The game lasted 00:04:56 (1868 turns).

funkygono the Magician (Draconian Wizard)           Turns: 1868, Time: 00:04:56

Health: -5/26      AC:  6    Str:  9    XL:     3   Next: 23%
Magic:  0/8        EV: 12    Int: 19    God:
Gold:   62         SH:  0    Dex:  9    Spells: 1/9 levels left

rFire    . . .     SeeInvis .   i - -3 mace (curse)
rCold    . . .     Gourm    .   (no shield)
rNeg     . . .     Faith    .   (armour unavailable)
rPois    .         Spirit   .   e - +1 hat
rElec    .         Reflect  .   (no cloak)
rCorr    .         Harm     .   (no gloves)
MR       .....                  (no boots)
Stlth    ++........             (no amulet)
HPRegen  0.08/turn              (no ring)
MPRegen  0.11/turn              (no ring)

@: no status effects
A: unfitting armour, cold-blooded, AC +5
a: no special abilities


You were on level 1 of the Dungeon.
You were not hungry.

You visited 1 branch of the dungeon, and saw 2 of its levels.

You collected 62 gold pieces.

Inventory:

Hand Weapons
 b - a +1 club
 i - a cursed -3 mace (weapon)
Missiles
 a - 59 stones (quivered)
Armour
 e - a +1 hat (worn)
Scrolls
 d - a scroll of immolation
 f - a scroll of enchant weapon
Potions
 g - a potion of berserk rage
 h - a potion of curing {unknown}
 j - a potion of lignification {unknown}
 k - a potion of degeneration {unknown}
Comestibles
 c - 3 rations
 l - 3 chunks of flesh


   Skills:
 + Level 0.1 Fighting
 + Level 0.3 Maces & Flails
 * Level 2.4 Dodging
 + Level 1.8 Stealth
 * Level 3.5 Spellcasting
 * Level 1.3 Conjurations
 + Level 1.0 Summonings
 + Level 1.0 Translocations


You had one spell level left.
You knew the following spells:

 Your Spells              Type           Power        Failure   Level  Hunger
a - Magic Dart            Conj           #...         9%          1    None
b - Blink                 Tloc           N/A          14%         2    ##.....
c - Call Imp              Summ           #.......     14%         2    ##.....
d - Conjure Flame         Conj/Fire      #.......     32%         3    ###....

Your spell library contained the following spells:

 Spells                   Type           Power        Failure   Level  Hunger
 Slow                     Hex            #.......     22%         2    ##.....
 Mephitic Cloud           Conj/Pois/Air  #.......     36%         3    ###....


Dungeon Overview and Level Annotations

Branches:
Dungeon (2/15)

Altars:


Innate Abilities, Weirdness & Mutations

Your plain brown scales are hard. (AC +5)
You cannot fit into any form of body armour.
You are cold-blooded and may be slowed by cold attacks.


Message History

The worm is almost dead.
The worm bites you!
* * * LOW HITPOINT WARNING * * *
Casting: Magic Dart (safe; 9% risk of failure)
Confirm with . or Enter, or press ? or * to list all spells.
Aiming: Magic Dart (safe; 9% risk of failure)
Press: ? - help, Shift-Dir - straight line, f/p - worm
Aim: a worm (almost dead)
The magic dart hits the worm.
The worm is almost dead.
The worm bites you but does no damage.
Casting: Magic Dart (safe; 9% risk of failure)
Confirm with . or Enter, or press ? or * to list all spells.
Aiming: Magic Dart (safe; 9% risk of failure)
Press: ? - help, Shift-Dir - straight line, f/p - worm
Aim: a worm (almost dead)
The magic dart hits the worm.
The worm is almost dead.
The worm bites you!
You die...

..##.............#.#..#.#########
>.##.##..........#....#.#
..##.##......)...##...#.#
..##.##..........##.>.#.#
+###.##..........####.#.#
..##.##..........# #.#.#
..'..............####.#.#
..#...###.#########.....#
..#...##........@w......#
..#...##..########......#
..+...##..# #......# ..##..##..#
#......# ####..##..# #.##.#.#
.....)##..# #.##.#.# ###...##..#
#.##.#.# ......##..# #....#.#
###.#.##..#############.#


You could see a worm.

Vanquished Creatures
  2 leopard geckos (D:1)
  3 giant cockroaches (D:1)
  2 goblins (D:1)
  5 hobgoblins
  A jackal (D:1)
  6 kobolds (D:1)
  7 bats (D:1)
  4 frilled lizards (D:1)
  5 rats
35 creatures vanquished.

Vanquished Creatures (collateral kills)
  A jackal (D:1)
1 creature vanquished.

Grand Total: 36 creatures vanquished

Notes
Turn   | Place    | Note
-------+----------+-------------------------------------------
     0 | D:1      | funkygono the Draconian Wizard began the quest for the Orb.
     0 | D:1      | Reached XP level 1. HP: 14/14 MP: 4/4
   322 | D:1      | Reached XP level 2. HP: 18/20 MP: 0/6
   332 | D:1      | Learned a level 2 spell: Blink
   335 | D:1      | Learned a level 2 spell: Call Imp
  1188 | D:1      | Reached XP level 3. HP: 26/26 MP: 1/8
  1319 | D:1      | Learned a level 3 spell: Conjure Flame
  1868 | D:1      | Slain by a worm

Illustrated notes

Levels and vault maps discovered:
D:1:      dpeg_arrival_simpleton_b, layout_basic
D:2:      layout_basic, first_ration

Skill      XL: |  1  2 |
---------------+-------+-----
Dodging        | 2 |  2.4
Fighting       | |  0.1
Maces & Flails | |  0.3
Stealth        | |  1.8
Spellcasting   | |  3.5
Conjurations   | |  1.3
Summonings     | |  1.0
Translocations | |  1.0

Action                   || total
-------------------------++-------
Melee: Unarmed           ||    16
       Club              ||    50
       Tailslap          ||     3
       Mace              ||    16
 Cast: Magic Dart        ||    76
       Call Imp          ||     4
       Blink             ||     1
       Conjure Flame     ||     1
  Use: Scroll            ||     3
  Eat: Chunk             ||     3
Armor: Skin              ||    54
Dodge: Dodged            ||   104
